 Dungeon Crawl Stone Soup version 0.26-a0-252-gb32a1a6195 (webtiles) character file.

Game seed: 17233892605152331187

361 Notrik the Magician (level 6, -3/32 HPs)
             Began as a Deep Elf Venom Mage on July 9, 2020.
             Killed from afar by an orc wizard (11 damage)
             ... with a puff of flame
             ... on level 4 of the Dungeon.
             The game lasted 00:13:50 (2933 turns).

Notrik the Magician (Deep Elf Venom Mage)           Turns: 2933, Time: 00:13:51

Health: -3/32      AC:  3    Str:  5    XL:     6   Next: 38%
Magic:  11/15      EV: 14    Int: 22    God:
Gold:   65         SH:  0    Dex: 15    Spells: 6/15 levels left

rFire    . . .     SeeInvis .   (no weapon)
rCold    . . .     Faith    .   (no shield)
rNeg     . . .     Spirit   .   a - +0 robe
rPois    .         Reflect  .   (no helmet)
rElec    .         Harm     .   g - +0 cloak
rCorr    .                      (no gloves)
MR       .....                  (no boots)
Stlth    ++........             (no amulet)
HPRegen  0.10/turn              (no ring)
MPRegen  0.14/turn              (no ring)

@: lethally poisoned (-3 -> -4)
A: no striking features
a: no special abilities


You were on level 4 of the Dungeon.
You were not hungry.

You visited 1 branch of the dungeon, and saw 3 of its levels.

You collected 65 gold pieces.

Inventory:

Armour
 a - a +0 robe (worn)
 g - a +0 cloak (worn)
   (You found it on level 1 of the Dungeon)
 i - a +0 kite shield
   (You found it on level 4 of the Dungeon)
Scrolls
 d - a scroll of teleportation {unknown}
 f - a scroll of amnesia {unknown}
 l - a scroll of enchant armour {unknown}
Potions
 b - a potion of degeneration {!q}
 c - a potion of mutation {unknown}
 h - a potion of cancellation {unknown}
 j - a potion of invisibility {unknown}
 k - a potion of lignification {unknown}
 m - a potion of brilliance {unknown}
Comestibles
 e - 6 rations {!d}


   Skills:
 + Level 4.4 Dodging
 - Level 2.4 Stealth
 + Level 0.8 Shields
 + Level 5.1 Spellcasting
 + Level 3.6 Transmutations
 + Level 4.8 Poison Magic


You had 6 spell levels left.
You knew the following spells:

 Your Spells              Type           Power        Failure   Level
a - Sting                 Tmut/Pois      ###.         1%          1
b - Ignite Poison         Fire/Tmut/Pois ###.....     10%         3
f - Mephitic Cloud        Conj/Pois/Air  ##......     16%         3
x - Poisonous Vapours     Pois/Air       ###...       5%          2

Your spell library contained the following spells:

 Spells                   Type           Power        Failure   Level
 Olgreb's Toxic Radiance  Pois           ####....     14%         4


Dungeon Overview and Level Annotations

Branches:
Dungeon (2/15)

Altars:
Fedhas


Message History

You feel sick.
You kill the worker ant!
You feel sick.
Aim: an orc, wielding a +0 club The sting hits the orc.
The orc is poisoned.
You feel sick.
You feel sick.
You feel sick.
You kill the orc!
Aim: an orc, wielding a +0 hand axe The sting hits the orc.
The orc is poisoned.
You feel sick. The orc barely misses you.
You feel sick.
An orc comes into view. It is wielding a +0 falchion.
Aim: an orc, wielding a +0 hand axe (moderately wounded, poisoned)
The sting hits the orc.
The orc looks even sicker.
You kill the orc!
You feel sick.
An orc wizard comes into view. It is wielding a +0 dagger.
Aim: an orc, wielding a +0 falchion The sting hits the orc.
The orc is poisoned.
The orc wizard shouts!
The orc misses you.
You feel sick.
You kill the orc!
The orc wizard gestures at you while chanting.
You resist with some effort.
Aim: an orc wizard, wielding a +0 dagger and wearing a cursed +0 robe The sting hits the orc wizard but does no damage.
The orc wizard is poisoned.
The orc wizard casts a spell.
The orc wizard flickers and vanishes!
Deactivating autopickup; reactivate with Ctrl-A.
You feel sick.
You are confused.
You're too confused to cast spells.
Unknown command.
A magic dart appears from out of thin air!
The magic dart hits you.
* * * LOW HITPOINT WARNING * * *
You're too confused to cast spells.
You feel sick. Something hits you.
* * * LOW HITPOINT WARNING * * *
You're too confused to cast spells.
The floor.
You feel less confused.
You hear some strange, mumbled words.
A puff of flame appears from out of thin air!
The puff of flame hits you!
You die...

... ..##.# #.....#
##.##.##.# #†8.# ......##.#
#####.#### #........#
#........# #........#
###........#### #........#
#..............
##.......#####)#{)..)...###.
.............#.#........#
##.#####.###.#.#@.).....#
#..........#.#.##########
#..#####.#.#.#.############
#..# #.#.#..............#
#..# #.#.##############.#
#..#####.#................#
#........#.################
.......##### ≈P######


There were no monsters in sight!

Vanquished Creatures
  Terence (D:2)
  4 orc wizards (D:4)
  3 worker ants (D:4)
  4 gnolls (D:2)
  6 adders
  A worm (D:2)
  A dart slug (D:1)
  7 orcs (D:4)
  3 ball pythons
  7 giant cockroaches
  6 goblins (D:1)
  3 hobgoblins
  2 jackals (D:1)
  A kobold (D:1)
  8 bats
  5 frilled lizards (D:1)
  5 rats (D:1)
67 creatures vanquished.

Vanquished Creatures (others)
  2 plants
2 creatures vanquished.

Grand Total: 69 creatures vanquished

Notes
Turn   | Place    | Note
-------+----------+-------------------------------------------
     0 | D:1      | Notrik the Deep Elf Venom Mage began the quest for the Orb.
     0 | D:1      | Reached XP level 1. HP: 10/10 MP: 6/6
   150 | D:1      | Reached XP level 2. HP: 15/15 MP: 5/8
   502 | D:1      | Reached XP level 3. HP: 18/19 MP: 3/10
   782 | D:1      | Learned a level 2 spell: Poisonous Vapours
   786 | D:1      | Learned a level 3 spell: Mephitic Cloud
   790 | D:1      | Learned a level 3 spell: Ignite Poison
  1426 | D:2      | Found a blossoming altar of Fedhas.
  1434 | D:2      | Noticed Terence
  1454 | D:2      | Killed Terence
  1454 | D:2      | Reached skill level 4 in Spellcasting
  1454 | D:2      | Reached XP level 4. HP: 18/24 MP: 4/12
  1866 | D:2      | Reached XP level 5. HP: 23/28 MP: 2/13
  2022 | D:2      | You fall into a shaft and drop 2 floors!
  2289 | D:4      | Reached XP level 6. HP: 30/32 MP: 3/15
  2383 | D:4      | Reached skill level 5 in Spellcasting
  2933 | D:4      | Killed from afar by an orc wizard

Illustrated notes

Levels and vault maps discovered:
D:1:      lightli_arrival_statue_moat, layout_basic
D:2:      layout_basic, first_ration, hangedman_decor_peaks_small,
          fedhas_ov_isle_minmay, uniq_terence
D:4:      layout_basic, chequers_big_river, grunt_ministairs_2,
          uniq_blork_the_orc

Skill      XL: |  1  2  3  4  5  6 |
---------------+-------------------+-----
Dodging        | 3 4 |  4.4
Transmutations | 2 3 |  3.6
Spellcasting   | 4 5 |  5.1
Poison Magic   | 4 |  4.8
Stealth        | |  2.4
Shields        | |  0.8

Action                   |  1- 3 |  4- 6 || total
-------------------------+-------+-------++-------
Melee: Unarmed           |       |     5 ||     5
 Cast: Sting             |    53 |    71 ||   124
       Poisonous Vapours |     1 |     1 ||     2
  Use: Potion            |     3 |       ||     3
  Eat: Ration            |     1 |     1 ||     2
Armor: Robe              |     4 |     7 ||    11
Dodge: Dodged            |    33 |    22 ||    55

Table legend:
 A = Non-vault XP
 B = Vault XP
 C = Vault XP percentage of total XP
 D = Non-vault monster count
 E = Vault monster count
 F = Vault count percentage of total count
                 A         B        C        D         E       F
            +---------+---------+-------+---------+---------+-------
      Total |     435 |      81 |  15.7 |      62 |       5 |   7.5
            +---------+---------+-------+---------+---------+-------
        D:1 |      57 |       0 |   0.0 |      34 |       0 |   0.0
        D:2 |     124 |      36 |  22.5 |      15 |       1 |   6.2
        D:4 |     254 |      45 |  15.1 |      13 |       4 |  23.5
            +---------+---------+-------+---------+---------+-------
